 Dungeon Crawl Stone Soup version 0.29.1-13-g9f3cf754e1 (webtiles) character file.

Game seed: 18024626261957491757

16 Thatpatchoflichen the Ducker (level 2, 0/22 HPs)
             Began as a Human Gladiator on Feb 2, 2023.
             Slain by a gnoll
             ... wielding a +0 club
              (3 damage)
             ... on level 1 of the Dungeon.
             The game lasted 00:01:06 (847 turns).

Thatpatchoflichen the Ducker (Human Gladiator)       Turns: 847, Time: 00:01:07

Health: 0/22       AC:  4    Str: 14    XL:     2   Next: 75%
Magic:  2/2        EV: 12    Int:  8    God:
Gold:   48         SH:  0    Dex: 14    Spells: 1/1 levels left

rFire   . . .      SeeInvis .   a - +0 trident
rCold   . . .      Faith    .   (no shield)
rNeg    . . .      Spirit   .   b - +0 leather armour
rPois   .          Reflect  .   c - +0 helmet
rElec   .          Harm     .   (no cloak)
rCorr   .          Rampage  .   (no gloves)
Will    .....                   (no boots)
Stlth   +.........              (no amulet)
HPRegen 0.07/turn               (no ring)
MPRegen 0.08/turn               (no ring)

@: no status effects
A: no striking features
a: no special abilities


You were on level 1 of the Dungeon.
You visited 1 branch of the dungeon, and saw 2 of its levels.

You collected 48 gold pieces.

Inventory:

Hand Weapons
 a - a +0 trident (weapon)
Missiles
 d - 3 throwing nets (quivered)
 e - a javelin
Armour
 b - a +0 leather armour (worn)
 c - a +0 helmet (worn)
Jewellery
 f - an amulet of magic regeneration
Scrolls
 g - a scroll of amnesia {unknown}
 h - 2 scrolls of enchant weapon {unknown}


   Skills:
 + Level 2.3 Fighting
 + Level 3.2 Polearms
 - Level 2.0 Throwing
 + Level 0.8 Armour
 + Level 3.2 Dodging


You had one spell level left.
You didn't know any spells.
Your spell library was empty.

Dungeon Overview and Level Annotations

Branches:
Dungeon (2/15)

Altars:


Message History

You closely miss the bat. The bat hits you but does no damage. x2
Reach: a) +0 trident
Press: ? - help, Dir - move target, f/p - bat
Aim: a bat (about 56% to evade your +0 trident)
You puncture the bat!
You kill the bat!
You hit the endoplasm.
The endoplasm is severely wounded.
The endoplasm hits you. The endoplasm freezes you.
You are frozen.
You hit the endoplasm but do no damage.
The endoplasm is severely wounded.
The endoplasm hits you but does no damage.
You barely miss the endoplasm.
The endoplasm is severely wounded.
The endoplasm freezes you.
You are frozen.
You puncture the endoplasm!
You kill the endoplasm!
A gnoll and a ball python come into view.
The gnoll shouts!
You see here a bat corpse.
There are monsters nearby!
You barely miss the ball python. The ball python bites you.
The ball python barely misses you.
The ball python bites you but does no damage.
The ball python grabs you. The ball python constricts you.
You escape the ball python's grasp.
The gnoll attacks as you move away! The gnoll hits you with a +0 club.
The gnoll attacks as you move away! The gnoll hits you with a +0 club.
The gnoll attacks as you move away! The gnoll closely misses you.
The ball python attacks as you move away!
The ball python misses you. x2
The gnoll attacks as you move away! The gnoll hits you with a +0 club.
* * * LOW HITPOINT WARNING * * *
You puncture the ball python!
You kill the ball python!
You barely miss the gnoll. The gnoll hits you with a +0 club.
You die...

#..... ...........# #..)..
.............# #########.....
.............# #......##.....
.............# #......##.....
.............# #......#####.#
.............# #......# #.#
.............#####......#####.#
.............g@..'......'......
.........†...#####......#####.#
############## ###......# #.#
#|.......# #.# # #........# #.#
# ########....####### #.# #
.......'..........# #.# #####
########....#...#.# #.# ....###
#.....#.........#.# #.#


You could see a gnoll.

Vanquished Creatures
  3 ball pythons (D:1)
  A bat (D:1)
  3 endoplasms (D:1)
  2 goblins
  A hobgoblin (D:1)
  A quokka (D:1)
  A kobold (D:1)
  A rat (D:1)
13 creatures vanquished.

Notes
Turn   | Place    | Note
-------+----------+-------------------------------------------
     0 | D:1      | Thatpatchoflichen the Human Gladiator began the quest for
                  | the Orb.
     0 | D:1      | Reached XP level 1. HP: 16/16 MP: 1/1
   507 | D:1      | Reached XP level 2. HP: 22/22 MP: 2/2
   641 | D:1      | You fall into a shaft and drop 1 floor!
   847 | D:1      | Slain by a gnoll

Illustrated notes

Levels and vault maps discovered:
D:1:      ncdulo_smallfort, layout_basic, chequers_ecumenical_altar_island
D:2:      layout_basic, basic_altar

Action                   || total
-------------------------++-------
Melee: Trident           ||    37
       Punch             ||     1
 Stab: Sleeping          ||     1
Armor: Leather armour    ||    15
Dodge: Dodged            ||    19
